 Dungeon Crawl Stone Soup version 0.29.1-13-g9f3cf754e1 (webtiles) character file.

Game seed: 6631942645509813070

330 Heoruswealwe the Grave Robber (level 6, -1/32 HPs)
             Began as a Deep Elf Necromancer on Feb 8, 2023.
             Was a Priest of Lugonu.
             Slain by an ufetubus (2 damage)
             ... on level 4 of the Dungeon.
             The game lasted 00:53:49 (4229 turns).

Heoruswealwe the Grave Robber (DENe)                Turns: 4229, Time: 00:53:50

Health: -1/32      AC:  4    Str:  5    XL:     6   Next: 26%
Magic:  25/26      EV: 12    Int: 22    God:    Lugonu [***...]
Gold:   1154       SH:  0    Dex: 15    Spells: 13/18 levels left

rFire   . . .      SeeInvis .   B - staff of air
rCold   . . .      Faith    .   (no shield)
rNeg    . . .      Spirit   .   c - +0 robe
rPois   +          Reflect  .   (no helmet)
rElec   +          Harm     .   (no cloak)
rCorr   .          Rampage  .   V - +0 pair of gloves
Will    .....                   r - +0 pair of boots
Stlth   ++........              (no amulet)
HPRegen 0.10/turn               j - ring of poison resistance
MPRegen 0.20/turn               R - ring of magical power

@: very slightly contaminated
A: no striking features
a: Renounce Religion, Depart the Abyss, Bend Space, Banish


You were on level 4 of the Dungeon.
You worshipped Lugonu.
Lugonu was most pleased with you.
You visited 1 branch of the dungeon, and saw 4 of its levels.

You collected 1154 gold pieces.

Inventory:

Hand Weapons
 b - a +0 scythe
 d - a +0 whip
 e - a +0 flail
 f - a +0 club
 h - a +0 dagger
 i - a +0 dagger
 k - a +0 spear
 n - a +0 dagger
 p - a +0 short sword
 s - a +0 short sword
 t - a +0 dagger
 u - a +0 whip
 x - a +0 club
 y - a +0 club
 z - a +0 sling
 A - a +0 club
 C - a +1 hand axe of freezing
 D - a +0 dagger
 G - a +0 club
 H - a +0 club
 I - a +2 short sword of flaming
 P - a +0 spear
 Q - a +0 whip
 S - a +1 mace of holy wrath
 W - a +0 trident
Missiles
 l - 20 stones
 q - 4 poisoned darts
Armour
 a - a +0 robe
 c - a +0 robe (worn)
 g - a +0 helmet
 o - a +0 buckler
 r - a +0 pair of boots (worn)
 v - a +0 animal skin
 w - a +0 helmet
 J - a +0 scale mail
 L - a +0 robe
 M - a +0 ring mail
 O - a +0 chain mail
 T - a +0 ring mail
 V - a +0 pair of gloves (worn)
Magical Staves
 B - a staff of air (weapon)
Jewellery
 j - a ring of poison resistance (left hand)
 R - a ring of magical power (right hand)
Scrolls
 m - 2 scrolls of vulnerability
 E - a scroll of teleportation {unknown}
 F - 2 scrolls of noise {unknown}
 K - a scroll of enchant weapon {unknown}
 U - a scroll of identify
Potions
 N - a potion of magic


   Skills:
 + Level 0.2 Fighting
 + Level 2.6 Dodging
 + Level 3.2 Stealth
 + Level 6.6 Spellcasting
 + Level 0.5 Summonings
 + Level 6.7 Necromancy


You had 13 spell levels left.
You knew the following spells:

 Your Spells              Type           Power      Damage    Failure   Level
a - Necrotise             Necr           100%       1d9       1%          1
b - Vampiric Draining     Necr           37%        2d8       1%          3
c - Summon Small Mammal   Summ           36%        N/A       7%          1

Your spell library contained the following spells:

 Spells                   Type           Power      Damage    Failure   Level
 Animate Dead             Necr           37%        N/A       5%          4
 Apportation              Tloc           14%        N/A       9%          1
 Agony                    Necr           37%        N/A       14%         5
 Ozocubu's Armour         Ice            7%         N/A       26%         3
 Metabolic Englaciation   Hex/Ice        3%         N/A       94%         5
 Simulacrum               Ice/Necr       11%        N/A       97%         6
 Conjure Ball Lightning   Conj/Air       5%         3x3d6     100%        6
 Discord                  Hex            3%         N/A       100%        8
 Disjunction              Tloc           3%         N/A       100%        8


Dungeon Overview and Level Annotations

Branches:
Dungeon (4/15)
 Temple: D:4-7

Altars:
Lugonu


Message History

* * * LOW HITPOINT WARNING * * *
The ufetubus barely misses you. The ufetubus misses you.
The ufetubus attacks as you move away! The ufetubus closely misses you.
The ufetubus completely misses you.
Found a leather armour.
The ufetubus hits you but does no damage.
The ufetubus barely misses you. The ufetubus barely misses you.
The ufetubus hits you but does no damage.
The ufetubus attacks as you move away! The ufetubus barely misses you.
The ufetubus hits you but does no damage.
The ufetubus misses you.
The ufetubus hits you but does no damage.
You see here a +0 leather armour.
The ufetubus attacks as you move away! The ufetubus barely misses you.
The ufetubus hits you but does no damage.
Found a stone staircase leading down.
The ufetubus closely misses you. x2
The ufetubus attacks as you move away! The ufetubus barely misses you.
The ufetubus hits you.
* * * LOW HITPOINT WARNING * * *
The ufetubus barely misses you. The ufetubus misses you.
The ufetubus attacks as you move away!
The ufetubus hits you but does no damage.
The ufetubus misses you.
Okay, then.
Casting: Summon Small Mammal (safe; 7% risk of failure)
Confirm with . or Enter, or press ? or * to list all spells.
You don't know that spell.
Casting: Summon Small Mammal (safe; 7% risk of failure)
Confirm with . or Enter, or press ? or * to list all spells.
You miscast Summon Small Mammal.
You are very lightly contaminated with residual magic.
Nothing appears to happen.
The ufetubus misses you. The ufetubus barely misses you.
The ufetubus closely misses you.
The ufetubus hits you but does no damage.
The ufetubus attacks as you move away! The ufetubus hits you.
* * * LOW HITPOINT WARNING * * *
The ufetubus hits you but does no damage. x2
The ufetubus closely misses you. The ufetubus attacks as you move away!
The ufetubus hits you.
You die...

# ..## #. ...#
.####..# ......# ###
.....# ....
#....########
#..##.#.##......####
.##.......#...@......#
.......<†....##5>....#
.##.###.####.##......#
.... #.###.....#
...... #.###.....#
#.......#.[.....###
#.......#######.#
#.....[.# .# #.......#
.#


You could see an ufetubus.

Vanquished Creatures
  Sigmund (D:2)
  A hound (D:3)
  Terence (D:2)
  Robin (D:2)
  4 adders
  A worm (D:2)
  2 dart slugs (D:3)
  7 bats
  6 endoplasms
  2 giant cockroaches
  10 hobgoblins
  3 jackals (D:1)
  3 quokkas (D:1)
  4 ball pythons
  4 frilled lizards
  8 goblins
  2 kobolds (D:1)
  6 rats
  4 bushes (D:1)
70 creatures vanquished.

Vanquished Creatures (collateral kills)
  A ball python (D:3)
  A hobgoblin (D:2)
  A jackal (D:1)
  A quokka (D:1)
  2 bats (D:2)
  2 rats (D:1)
8 creatures vanquished.

Vanquished Creatures (others)
  4 plants (D:1)
  4 toadstools (D:1)
8 creatures vanquished.

Grand Total: 86 creatures vanquished

Notes
Turn   | Place    | Note
-------+----------+-------------------------------------------
     0 | D:1      | Heoruswealwe the Deep Elf Necromancer began the quest for
                  | the Orb.
     0 | D:1      | Reached XP level 1. HP: 10/10 MP: 6/6
    34 | D:1      | Reached skill level 5 in Necromancy
   114 | D:1      | Reached XP level 2. HP: 15/15 MP: 2/8
   717 | D:1      | Reached XP level 3. HP: 19/19 MP: 7/10
   888 | D:1      | Found a faded altar of an unknown god.
   904 | D:1      | Prayed at the altar of an unknown god.
   904 | D:1      | Became a worshipper of Lugonu the Unformed
   904 | D:1      | Reached * piety under Lugonu
   904 | D:1      | Reached ** piety under Lugonu
  2134 | D:1      | Identified a scroll of acquirement
  2136 | D:1      | Acquired 938 gold pieces
  2164 | D:2      | Noticed Sigmund
  2178 | D:1      | Learned a level 3 spell: Vampiric Draining
  2365 | D:2      | Killed Sigmund
  2366 | D:2      | Reached skill level 5 in Spellcasting
  2366 | D:2      | Reached XP level 4. HP: 24/24 MP: 1/13
  2366 | D:2      | Reached XP level 5. HP: 28/28 MP: 1/14
  2726 | D:2      | Noticed Robin
  2736 | D:2      | Killed Robin
  3179 | D:2      | Learned a level 1 spell: Summon Small Mammal
  3185 | D:2      | Noticed Terence
  3190 | D:2      | Killed Terence
  3191 | D:2      | Reached XP level 6. HP: 32/32 MP: 5/17
  4010 | D:3      | Reached *** piety under Lugonu
  4228 | D:4      | HP: 1/32 [ufetubus (3)]
  4229 | D:4      | Slain by an ufetubus

Illustrated notes

Levels and vault maps discovered:
D:1:      ldierk_walled_garden_2, layout_basic,
          hellmonk_ecumenical_altar_prayer_group
D:2:      layout_loops_ring, minivault_11, uniq_robin, uniq_terence,
          uniq_sigmund
D:3:      layout_loops_ring
D:4:      layout_loops_cross, mainiacjoe_overflow_small_starburst,
          corexii_checkpoint_b, minmay_manual_mandibuliform

Skill      XL: |  1  2  3  4  5 |
---------------+----------------+-----
Necromancy     | 5 6 |  6.7
Stealth        | 3 |  3.2
Spellcasting   | 5 6 |  6.6
Fighting       | |  0.2
Dodging        | |  2.6
Summonings     | |  0.5

Action                   |  1- 3 |  4- 6 || total
-------------------------+-------+-------++-------
Melee: Short sword       |  1190 |       ||  1190
       Punch             |    21 |     1 ||    22
       Staff             |       |    18 ||    18
 Cast: Necrotise         |    40 |    57 ||    97
       Vampiric Draining |     5 |    16 ||    21
       Summon Small Mamm |       |    22 ||    22
  Use: Scroll            |     3 |       ||     3
       Potion            |     1 |       ||     1
Armor: Robe              |     7 |    22 ||    29
Dodge: Dodged            |    10 |    70 ||    80
